 Dungeon Crawl Stone Soup version 0.27-a0-1502-g47ed6a6988 (webtiles) character file.

Game seed: 6828004655218779121

364392 robertstho the Slayer (level 21, -4/212 HPs)
             Began as a Minotaur Berserker on July 8, 2021.
             Was the Champion of Trog.
             Killed by the air
             ... invoked by a titan
              (38 damage)
             ... on level 5 of the Vaults.
             The game lasted 01:14:04 (45696 turns).

robertstho the Slayer (Minotaur Berserker)         Turns: 45696, Time: 01:14:05

Health: -4/212     AC: 38    Str: 28    XL:     21   Next: 56%
Magic:  30/30      EV: 13    Int: 11    God:    Trog [******]
Gold:   2692       SH: 27    Dex: 12    Spells: 20/20 levels left

rFire    + + .     SeeInvis .   H - +4 war axe "Yzaim" {vorpal, +Blink rElec Stlth-}
rCold    + . .     Faith    .   S - +0 tower shield
rNeg     . . .     Spirit   .   I - +8 plate armour "Zidokog" {rPois rC+ rCorr}
rPois    +         Reflect  +   P - +3 hat of Pondering {ponderous, Will+ MP+10 Int+5}
rElec    +         Harm     +   N - +2 cloak of Kupnoc {Harm Slay+6}
rCorr    +         Rampage  .   e - +0 pair of gloves
Will     ++++.                  U - +1 pair of boots
Stlth    ..........             T - amulet of reflection
HPRegen  1.45/turn              w - ring of protection from fire
MPRegen  0.22/turn              K - ring of protection from fire

@: marked, strong-willed, on berserk cooldown, very slightly contaminated,
regenerating, slowed, invisible, very slow
A: horns 2, retaliatory headbutt
}: 2/15 runes: decaying, gossamer
a: Renounce Religion, Evoke Blink, Berserk, Trog's Hand, Brothers in Arms


You were on level 5 of the Vaults.
You worshipped Trog.
Trog was exalted by your worship.
You visited 7 branches of the dungeon, and saw 36 of its levels.
You visited the Abyss 3 times.
You also visited: Wizlab.

You collected 3958 gold pieces.
You spent 1266 gold pieces at shops.

Inventory:

Hand Weapons
 H - the +4 war axe "Yzaim" (weapon) {vorpal, +Blink rElec Stlth-}
   (You found it on level 7 of the Dungeon)

   It inflicts extra damage upon your enemies.
   rElec:     It insulates you from electricity.
   +Blink:    It lets you blink.
   Stlth:     It makes you less stealthy.
 W - the +9 war axe of Modesty {vorpal, rElec rCorr}
   (Trog gifted it to you on level 1 of the Vaults)

   It inflicts extra damage upon your enemies.
   rElec:     It insulates you from electricity.
   rCorr:     It protects you from acid and corrosion.
Armour
 e - a +0 pair of gloves (worn)
 I - the +8 plate armour "Zidokog" (worn) {rPois rC+ rCorr}
   (You found it on level 10 of the Dungeon)

   rC:        It protects you from cold.
   rPois:     It protects you from poison.
   rCorr:     It protects you from acid and corrosion.
 N - the +2 cloak of Kupnoc (worn) {Harm Slay+6}
   (You found it on level 10 of the Dungeon)

   Slay:      It affects your accuracy & damage with ranged weapons and melee
   (+6).
   Harm:      It increases damage dealt and taken.
 P - the +3 hat of Pondering (worn) {ponderous, Will+ MP+10 Int+5}
   (You bought it in a shop on level 11 of the Dungeon)

   Int:       It affects your intelligence (+5).
   MP:        It affects your magic capacity (+10).
   Will:      It increases your willpower.
 S - a +0 tower shield (worn)
 U - a +1 pair of boots (worn)
Jewellery
 b - a ring of ice
 p - a +4 ring of protection
 q - a ring of willpower
 v - a ring of flight
 w - a ring of protection from fire (left hand)
 y - a ring of see invisible
 A - an amulet of faith
 F - a ring of protection from cold
 K - a ring of protection from fire (right hand)
 L - a ring of positive energy
 T - an amulet of reflection (around neck)
Wands
 h - a wand of mindburst (51)
 s - a wand of acid (10)
 C - a wand of iceblast (23)
 Z - a wand of digging (6)
Scrolls
 a - 3 scrolls of enchant armour
 c - 7 scrolls of fear
 f - 7 scrolls of magic mapping
 k - a scroll of torment
 o - 7 scrolls of identify
 r - 14 scrolls of teleportation
 t - 4 scrolls of blinking
 u - a scroll of silence
 x - 3 scrolls of brand weapon
 E - 6 scrolls of immolation
 G - 6 scrolls of fog
 Q - a scroll of holy word
 V - 4 scrolls of enchant weapon
Potions
 d - 14 potions of curing
 g - 5 potions of flight
 i - 5 potions of ambrosia
 j - a potion of magic
 l - a potion of invisibility
 m - 3 potions of resistance
 n - 6 potions of haste
 B - 5 potions of might
 D - 4 potions of cancellation
 J - 6 potions of attraction
 O - 3 potions of mutation
Miscellaneous
 z - a condenser vane
 M - a phantom mirror


   Skills:
 * Level 23.4 Fighting
 + Level 20.1 Axes
 * Level 20.2 Armour
 * Level 17.1 Dodging
 + Level 3.0 Stealth
 + Level 17.7 Shields
 + Level 1.4 Evocations


You had 20 spell levels left.
You didn't know any spells.
Your spell library was empty.

Dungeon Overview and Level Annotations

Branches:
Dungeon (14/15)            Temple (0/1) D:4            Lair (6/6) D:8
  Swamp (4/4) Lair:3       Spider (4/4) Lair:2        Slime (0/5) Lair:6
    Orc (2/2) D:9             Elf (1/3) Orc:2        Vaults (5/5) D:13
  Crypt (0/3) Vaults:3     WizLab (visited)

Altars:
Cheibriados
Kikubaaqudgha
Ru
Xom
Yredelemnul

Shops:
D:5 !   Orc:2 *:[(   Elf:1 ?

Portals:
Abyss: Lair:4

Annotations:
D:11 647 hat
Lair:4 2 transporters, Iwuung's ghost, journeyman DjFE


Innate Abilities, Weirdness & Mutations

You have a pair of horns on your head.
You reflexively headbutt those who attack you in melee.


Message History

The vault guard hits you but does no damage.
Unknown command.
You closely miss the tengu reaver.
The tengu reaver is moderately wounded.
You slash the vault warden! You barely miss the war gargoyle.
Your shield and plate armour "Zidokog" prevent you from hitting the storm dragon.
Your stone giant hits the vault warden!!!
The vault warden dies!
Trog accepts your kill.
Trog appreciates your killing of a magic user.
The runic seals fade away.
You block the war gargoyle's attack.
The yaktaur unwields a +0 arbalest.
The yaktaur hits your stone giant. You block the storm dragon's attack. x2
The storm dragon tramples you but does no damage.
A titan comes into view.
The tengu reaver hits you with a +0 battleaxe!
* * * LOW HITPOINT WARNING * * *
You block the tengu reaver's attack. The tengu reaver claws you.
* * * LOW HITPOINT WARNING * * *
Your stone giant hits the yaktaur!!!
The yaktaur dies!
Trog accepts your kill.
The yaktaur captain shoots a bolt.
The bolt hits the cyan very ugly thing!!
The war gargoyle launches metal splinters at you.
The spray of metal splinters hits you but does no damage.
The vault guard hits you but does no damage.
The cyan very ugly thing stings you but does no damage.
You slice the storm dragon!!
The storm dragon is severely wounded.
You closely miss the tengu reaver.
You catch the helpless cyan very ugly thing completely off-guard!
You hit the cyan very ugly thing. You slice the war gargoyle!!
Your stone giant hits the cyan very ugly thing.
The storm dragon closely misses you. You furiously retaliate!
You headbutt the storm dragon, but do no damage.
The storm dragon claws you but does no damage.
You block the storm dragon's attack. You block the war gargoyle's attack.
The titan waves its arms in wide circles.
You die...

......#....#####pQ####+
...(..#.)..#...#))#
......#....#...#..#
.....#....#)).#..#
.........T..C..ยง.#
######...)C...#######
........Cc<[T........
........u).<.........
......e@Qp<..........
.......9D............
######........#######
..............
.....#....#.....
.....#....#.....
.....#....#.....
......#....# ...#


You could see a titan, a storm dragon (catching breath), a cyan very ugly thing
(ally target), a tengu reaver, a yaktaur captain, a vault guard, a deep elf
annihilator, an ettin, 2 deep trolls, a war gargoyle and a friendly stone giant
(summoned, berserk).

Vanquished Creatures
  Saint Roka (Vaults:4)
  Bai Suzhen (Vaults:4)
  Nikola (Swamp:2)
  A profane servitor (Abyss:2)
  Jory (Vaults:4)
  Arachne (Spider:3)
  2 liches
  A tentacled monstrosity (Vaults:5)
  A titan (Vaults:5)
  3 sphinxes
  Agnes (D:14)
  2 tentacled starspawn (Abyss:2)
  2 thorn hunters
  A tengu reaver (Vaults:4)
  Gastronok (Lair:3)
  2 storm dragons
  5 frost giants
  10 vault wardens
  Aizul (Spider:4)
  6 ghost moths
  2 deep elf sorcerers
  3 orc warlords
  A balrug (Abyss:2)
  Louise (Swamp:4)
  5 emperor scorpions
  15 ironbound preservers
  2 war gargoyles
  13 very ugly things
  5 stone giants
  7 dire elephants
  8 entropy weavers
  3 bunyips (Swamp:3)
  A red draconian (Abyss:2)
  3 spark wasps
  A deep elf death mage (Vaults:4)
  5 eleionomae
  4 ettins
  2 shambling mangroves (Swamp:4)
  2 crystal guardians (Vaults:4)
  A deep elf high priest (Elf:1)
  10 yaktaur captains
  A rakshasa (Abyss:2)
  32 vault guards
  3 ironbound thunderhulks
  A fire dragon (Lair:6)
  6 boulder beetles
  2 peacekeepers (Vaults:4)
  An ogre mage (D:10)
  2 catoblepae
  14 hydras
  8 ironbound frosthearts
  11 centaur warriors
  4 two-headed ogres
  The ghost of indyram44 the Protected, a journeyman GrFi of Okawaru (Lair:1)
  3 dancing weapons (Elf:1)
  7 alligators
  2 orc high priests (Orc:2)
  Urug (Orc:2)
  A tengu warrior (D:11)
  9 ironbound beastmasters
  3 thrashing horrors (Abyss:2)
  6 hell knights
  6 spriggans
  3 deep elf knights (Elf:1)
  A sun demon (Abyss:2)
  A fire crab (Lair:6)
  A wretched star (Abyss:2)
  29 deep trolls
  A skeletal warrior (D:13)
  A sixfirhy (Abyss:2)
  2 glowing orange brains (Vaults:4)
  7 swamp dragons
  4 bog bodies
  2 spatial maelstroms (Abyss:2)
  A death drake (shapeshifter) (D:14)
  2 spriggan druids
  13 wizards
  A glowing orange brain (shapeshifter) (Vaults:3)
  11 deep elf archers
  2 phantasmal warriors
  5 necromancers
  12 orb spiders
  17 ironbound convokers
  11 orc knights
  22 deep elf zephyrmancers
  7 lindwurms
  5 orc sorcerers
  14 deep elf pyromancers
  2 harpies (Vaults:1)
  2 will-o-the-wisps
  A tengu skeleton (Vaults:1)
  3 oklob plants (Lair:3)
  2 manticores
  24 wolf spiders
  5 cyclopes
  11 elephants
  24 ugly things
  14 vault sentinels
  15 human skeletons
  4 smoke demons (Abyss:2)
  3 torpor snails
  A black mamba (shapeshifter) (D:14)
  4 black mambas
  A molten gargoyle (Lair:6)
  12 cane toads
  2 gargoyles (D:10)
  19 yaktaurs
  11 rime drakes
  A rime drake (shapeshifter) (D:14)
  A hellwing (Abyss:2)
  17 demonic crawlers
  2 freezing wraiths
  A yaktaur (shapeshifter) (Abyss:2)
  An efreet (D:13)
  A human zombie (Vaults:1)
  A queen bee (shapeshifter) (D:13)
  2 ancient zymes (Abyss:2)
  12 komodo dragons
  6 large abominations (Abyss:2)
  A wolf spider simulacrum (Abyss:2)
  3 meliai (D:14)
  37 jumping spiders
  8 trolls
  18 hornets
  7 tyrant leeches
  2 polar bears
  16 blink frogs
  20 slime creatures
  A snapping turtle (shapeshifter) (Vaults:1)
  A human simulacrum (Vaults:1)
  An iron dragon simulacrum (Abyss:2)
  24 tarantellas
  2 wraiths
  5 flying skulls (Abyss:2)
  2 wyverns
  43 redbacks
  83 yaks
  A water elemental (Elf:1)
  2 air elementals (Elf:1)
  4 shadows
  10 basilisks
  20 humans
  2 chaos spawn (Abyss:2)
  2 vampire mosquitoes (Swamp:1)
  2 steam dragons
  A yaktaur simulacrum (Vaults:1)
  11 small abominations
  7 wargs
  3 spatial vortices (Abyss:2)
  17 swamp worms
  Edmund (D:5)
  A floating eye (Lair:3)
  2 hell hounds (Lair:6)
  23 water moccasins
  3 sky beasts
  29 orc warriors
  8 swamp drakes
  5 ogres
  3 black bears
  A necrophage (D:5)
  24 wolves
  6 centaurs
  An ice beast (D:7)
  3 boggarts (Vaults:1)
  2 scorpions (D:7)
  17 bullfrogs
  An earth elemental (Elf:1)
  A water moccasin zombie (D:4)
  An ogre simulacrum (Vaults:1)
  A hornet simulacrum (D:14)
  A wyvern skeleton (D:7)
  2 troll zombies (D:9)
  2 water moccasin skeletons
  3 killer bees (D:8)
  10 wights
  3 howler monkeys (D:13)
  10 electric eels
  4 lava snakes (Lair:6)
  5 centaur zombies
  2 quasits (Abyss:2)
  3 bullfrog zombies
  A gnoll shaman (D:5)
  9 hounds
  4 jellies
  2 bullfrog skeletons (D:4)
  10 orc priests
  Crazy Yiuf (D:3)
  2 iguanas (D:5)
  Ijyb (D:2)
  Terence (D:2)
  7 orc wizards
  A killer bee zombie (D:7)
  6 ogre zombies (D:9)
  4 hound zombies (D:4)
  3 hound skeletons
  A howler monkey zombie (D:5)
  Robin (D:3)
  11 adders
  3 gnolls (D:5)
  A shadow imp (D:5)
  2 white imps
  2 ufetubi
  3 adder zombies (D:4)
  2 adder skeletons (D:4)
  2 worms
  3 dart slugs
  47 orcs
  7 endoplasms
  2 giant cockroaches
  17 goblins
  5 hobgoblins
  3 jackals (D:1)
  5 quokkas
  13 ball pythons
  7 bats
  3 frilled lizards
  2 goblin skeletons (D:9)
  3 hobgoblin skeletons (D:9)
  2 hobgoblin zombies (D:9)
  7 kobolds
  2 orc skeletons (D:9)
  16 orc zombies (D:9)
  8 rats
  5 briar patches (Swamp:3)
  2 starspawn tentacles (Abyss:2)
1415 creatures vanquished.

Vanquished Creatures (collateral kills)
  2 vault wardens (Vaults:5)
  2 vault guards (Vaults:1)
  A shambling mangrove (Swamp:4)
  2 hydras
  A death knight (D:10)
  A thrashing horror (Abyss:2)
  A tengu warrior (D:10)
  A wretched star (Elf:1)
  A swamp dragon (Swamp:4)
  A bog body (Swamp:4)
  3 harpies (Vaults:1)
  A deep elf archer (Elf:1)
  An ironbound convoker (Vaults:1)
  A deep elf pyromancer (Elf:1)
  2 orb spiders (Spider:3)
  An oklob plant (Lair:3)
  A cyclops (D:10)
  A vault sentinel (Vaults:1)
  A molten gargoyle (Lair:6)
  An efreet (D:10)
  A yaktaur (Vaults:5)
  A red devil (Elf:1)
  A jumping spider (Spider:3)
  2 hornets
  2 spriggans (Swamp:3)
  5 yaks (D:8)
  A basilisk (shapeshifter) (D:13)
  A basilisk (Lair:6)
  2 hell hounds (Lair:6)
  A swamp drake (Swamp:4)
  A wolf (Lair:3)
  A lava snake (Lair:6)
  A hound (D:8)
  A bush (Lair:3)
47 creatures vanquished.

Vanquished Creatures (others)
  A dancing weapon (Elf:1)
  A phantasmal warrior (Vaults:5)
  A deep elf zephyrmancer (Elf:1)
  An ironbound convoker (Vaults:2)
  A will-o-the-wisp (Swamp:2)
  A jumping spider (Spider:3)
  A yak (Lair:6)
  A swamp worm (Swamp:2)
  16 foxfires
  51 fungi
  2 lurking horrors (Abyss:2)
  103 plants
  5 starspawn tentacles (Abyss:2)
  A withered plant (D:4)
186 creatures vanquished.

Grand Total: 1648 creatures vanquished

Notes
Turn   | Place    | Note
-------+----------+-------------------------------------------
     0 | D:1      | robertstho the Minotaur Berserker began the quest for the
                  | Orb.
     0 | D:1      | Reached XP level 1. HP: 19/19 MP: 0/0
   197 | D:1      | Reached XP level 2. HP: 27/27 MP: 1/1
   380 | D:1      | Reached skill level 4 in Fighting
   471 | D:1      | Found a faded altar of an unknown god.
   595 | D:1      | Reached ** piety under Trog
   922 | D:2      | Reached XP level 3. HP: 27/33 MP: 2/2
  1047 | D:2      | Noticed Ijyb
  1055 | D:2      | Killed Ijyb
  1056 | D:2      | Reached XP level 4. HP: 41/41 MP: 3/3
  1239 | D:2      | Noticed Terence
  1247 | D:2      | Killed Terence
  1476 | D:2      | Reached skill level 5 in Fighting
  1527 | D:2      | Reached XP level 5. HP: 48/48 MP: 4/4
  1581 | D:2      | Reached *** piety under Trog
  1830 | D:3      | Reached skill level 5 in Axes
  1963 | D:3      | Found a runed translucent door.
  1964 | D:3      | Noticed Crazy Yiuf
  2047 | D:3      | Noticed Robin
  2058 | D:3      | Killed Robin
  2341 | D:3      | Reached XP level 6. HP: 52/56 MP: 5/5
  2484 | D:3      | Reached **** piety under Trog
  2653 | D:3      | Killed Crazy Yiuf
  2795 | D:4      | Reached skill level 1 in Stealth
  2942 | D:4      | Found a staircase to the Ecumenical Temple.
  3051 | D:4      | Reached skill level 6 in Fighting
  3051 | D:4      | Reached XP level 7. HP: 62/63 MP: 6/6
  3271 | D:5      | Entered Level 5 of the Dungeon
  3345 | D:5      | Reached skill level 5 in Armour
  3711 | D:5      | Found Amoch's Distillery.
  3716 | D:5      | Bought a potion of heal wounds for 70 gold pieces
  3716 | D:5      | Bought a potion of curing for 42 gold pieces
  3716 | D:5      | Bought a potion of might for 56 gold pieces
  3716 | D:5      | Bought a potion of lignification for 42 gold pieces
  3791 | D:5      | Reached XP level 8. HP: 70/71 MP: 7/7
  4378 | D:5      | Noticed Edmund
  4392 | D:5      | Killed Edmund
  4874 | D:6      | Reached skill level 7 in Fighting
  4874 | D:6      | Reached skill level 5 in Dodging
  5576 | D:6      | Reached skill level 1 in Shields
  5589 | D:6      | Reached ***** piety under Trog
  5606 | D:6      | Reached XP level 9. HP: 45/78 MP: 8/8
  6287 | D:7      | Identified the +4 war axe "Yzaim" {vorpal, +Blink rElec
                  | Stlth-}
  6335 | D:7      | Reached skill level 8 in Fighting
  7086 | D:8      | Noticed a troll
  7094 | D:8      | Killed a troll
  7095 | D:8      | Reached skill level 9 in Fighting
  7177 | D:8      | Reached XP level 10. HP: 69/91 MP: 9/9
  7401 | D:8      | Found a staircase to the Lair.
  7693 | D:8      | Reached skill level 10 in Axes
  7766 | D:8      | Reached skill level 10 in Armour
  8547 | D:9      | Found a staircase to the Orcish Mines.
  8566 | D:9      | Reached skill level 10 in Fighting
  9062 | D:9      | Reached XP level 11. HP: 81/101 MP: 10/10
  9138 | D:9      | Found the +4 skin of Zhor {*Englaciate rC+++ SInv}
  9324 | D:10     | Entered Level 10 of the Dungeon
  9501 | D:10     | Identified the +8 plate armour "Zidokog" {rPois rC+ rCorr}
  9646 | D:10     | Found a sacrificial altar of Ru.
 10217 | D:10     | Noticed a two-headed ogre
 10225 | D:10     | Killed a two-headed ogre
 10226 | D:10     | Reached skill level 11 in Fighting
 10399 | D:10     | Noticed an ogre mage
 10400 | D:10     | Noticed a seven-headed hydra
 10400 | D:10     | Noticed a tengu warrior
 10400 | D:10     | Noticed a death knight
 10412 | D:10     | Killed an ogre mage
 10417 | D:10     | Killed an eight-headed hydra
 10421 | D:10     | Killed a tengu warrior
 10426 | D:10     | Killed a death knight
 10427 | D:10     | Reached skill level 5 in Shields
 10573 | D:10     | Identified the +2 cloak of Kupnoc {Harm Slay+6}
 10741 | D:11     | Found a snail-covered altar of Cheibriados.
 10743 | D:11     | Found Cheibriados's Comfort Zone.
 10767 | D:11     | Reached XP level 12. HP: 102/110 MP: 11/11
 10839 | D:11     | Noticed a tengu warrior
 10850 | D:11     | Killed a tengu warrior
 10902 | D:11     | Noticed a two-headed ogre
 10906 | D:11     | Killed a two-headed ogre
 11225 | D:11     | Reached skill level 12 in Fighting
 11652 | D:12     | Received a gift from Trog
 11989 | D:13     | Noticed a two-headed ogre
 11993 | D:13     | Killed a two-headed ogre
 12007 | D:13     | Reached skill level 10 in Dodging
 12022 | D:13     | Noticed a six-headed hydra
 12028 | D:13     | Killed a nine-headed hydra
 12216 | D:13     | Reached skill level 13 in Fighting
 12233 | D:13     | Found a gate to the Vaults.
 12233 | D:13     | Noticed a vault guard
 12233 | D:13     | Noticed a vault guard
 12238 | D:13     | Reached XP level 13. HP: 122/122 MP: 12/12
 13098 | D:14     | Identified the +2 long sword of the Vendetta {drain, Fly}
 13195 | D:14     | Noticed Agnes
 13203 | D:14     | Killed Agnes
 13523 | D:14     | Cast into level 2 of the Abyss (a wizard)
 13591 | Abyss:2  | Noticed a tentacled starspawn
 13607 | Abyss:2  | Reached skill level 14 in Fighting
 13727 | Abyss:2  | Identified the +0 helmet "Zoac" {rF+ rCorr}
 13739 | Abyss:2  | Killed a tentacled starspawn
 13739 | Abyss:2  | Received a gift from Trog
 14197 | D:14     | Escaped the Abyss
 14203 | D:14     | Reached skill level 15 in Axes
 15156 | D:11     | Bought the +3 hat of Pondering {ponderous, Will+ MP+10
                  | Int+5} for 647 gold pieces
 15156 | D:11     | Found the +3 hat of Pondering {ponderous, Will+ MP+10
                  | Int+5}
 15234 | Lair:1   | Entered Level 1 of the Lair of Beasts
 15352 | Lair:1   | Reached XP level 14. HP: 113/133 MP: 13/13
 15426 | Lair:1   | Found a runed translucent door.
 15428 | Lair:1   | Noticed indyram44's ghost (journeyman GrFi)
 15924 | Lair:1   | Killed indyram44's ghost
 16212 | Lair:2   | Found a hole to the Spider Nest.
 17051 | Lair:3   | Reached ****** piety under Trog
 17128 | Lair:3   | Reached skill level 15 in Fighting
 17517 | Lair:3   | Found a staircase to the Swamp.
 17621 | Lair:3   | Paralysed by a floating eye for 4 turns
 17988 | Lair:3   | Reached skill level 15 in Armour
 18124 | Lair:3   | Noticed Gastronok
 18134 | Lair:3   | Killed Gastronok
 18855 | Lair:4   | Found a transporter.
 18855 | Lair:4   | Found a transporter.
 18870 | Lair:4   | Found a one-way gate to the infinite horrors of the Abyss.
 18913 | Lair:4   | Noticed Iwuung's ghost (journeyman DjFE)
 18988 | Lair:4   | Received a gift from Trog
 19159 | Lair:4   | Reached XP level 15. HP: 129/141 MP: 14/14
 19915 | Lair:5   | Received a gift from Trog
 20371 | Lair:6   | Entered Level 6 of the Lair of Beasts
 20665 | Lair:6   | Found a staircase to the Slime Pits.
 20857 | Lair:6   | Reached skill level 16 in Fighting
 20988 | Lair:6   | Found a large runed translucent door.
 21140 | Lair:6   | Found a large runed translucent door.
 21808 | Orc:1    | Entered Level 1 of the Orcish Mines
 21944 | Orc:2    | Entered Level 2 of the Orcish Mines
 22153 | Orc:2    | Found Meecw's Antique Armour Shoppe.
 22206 | Orc:2    | Bought a pair of glowing boots for 165 gold pieces
 22334 | Orc:2    | Noticed Urug
 22345 | Orc:2    | Killed Urug
 22347 | Orc:2    | Noticed an orc warlord
 22359 | Orc:2    | Received a gift from Trog
 22361 | Orc:2    | Killed an orc warlord
 22380 | Orc:2    | Paralysed by an orc sorcerer for 2 turns
 22739 | Orc:2    | Found Naiqier's General Store.
 22747 | Orc:2    | Bought a scroll of identify for 28 gold pieces
 22752 | Orc:2    | Found a staircase to the Elven Halls.
 22773 | Orc:2    | Found Otad's Book Shop.
 22864 | Orc:2    | Found Xizuiv's Antique Weapon Shop.
 23750 | Spider:1 | Entered Level 1 of the Spider Nest
 23764 | Spider:1 | Reached skill level 10 in Shields
 23764 | Spider:1 | Reached skill level 1 in Evocations
 23793 | Spider:1 | Received a gift from Trog
 23809 | Lair:2   | HP: 6/146 [poisoned by a redback]
 23815 | Lair:2   | Reached skill level 17 in Fighting
 24159 | Spider:1 | Reached XP level 16. HP: 155/155 MP: 15/15
 25796 | Spider:3 | Noticed Arachne
 25818 | Spider:3 | Killed Arachne
 26603 | Spider:4 | Entered Level 4 of the Spider Nest
 26629 | Spider:4 | Identified the +4 double sword "Pypac" {vorpal, rF+} (Trog
                  | gifted it to you on level 4 of the Spider Nest)
 26629 | Spider:4 | Received a gift from Trog
 26632 | Spider:4 | Reached skill level 18 in Fighting
 26897 | Spider:4 | Noticed Aizul
 26911 | Spider:4 | Killed Aizul
 27498 | Spider:4 | Reached XP level 17. HP: 166/166 MP: 0/16
 27786 | Spider:4 | Got a gossamer rune of Zot
 28269 | Swamp:1  | Entered Level 1 of the Swamp
 28570 | Swamp:1  | Received a gift from Trog
 29191 | Swamp:2  | Noticed Nikola
 29201 | Swamp:2  | Killed Nikola
 30216 | Swamp:3  | Found a shimmering altar of Xom.
 30245 | Swamp:3  | Reached skill level 19 in Fighting
 30943 | Swamp:4  | Entered Level 4 of the Swamp
 30943 | Swamp:4  | Noticed Louise
 30961 | Swamp:4  | Killed Louise
 31137 | Swamp:4  | Received a gift from Trog
 31245 | Swamp:4  | Got a decaying rune of Zot
 32477 | Elf:1    | Entered Level 1 of the Elven Halls
 32489 | Orc:2    | Cast into level 2 of the Abyss (a deep elf sorcerer)
 32600 | Abyss:2  | Reached XP level 18. HP: 69/176 MP: 17/17
 32625 | Abyss:2  | Noticed a profane servitor
 32660 | Abyss:2  | Killed a profane servitor
 32854 | Abyss:2  | Received a gift from Trog
 32879 | Orc:2    | Escaped the Abyss
 33517 | Elf:1    | Found Ketett's Magic Scroll Emporium.
 33625 | Elf:1    | Bought a scroll of torment for 120 gold pieces
 33625 | Elf:1    | Bought a scroll of identify for 32 gold pieces
 33625 | Elf:1    | Bought a scroll of identify for 32 gold pieces
 33625 | Elf:1    | Bought a scroll of identify for 32 gold pieces
 33754 | Elf:1    | Found an ancient bone altar of Kikubaaqudgha.
 33761 | Elf:1    | Reached skill level 20 in Fighting
 33764 | Elf:1    | Received a gift from Trog
 34226 | Elf:1    | Reached skill level 15 in Dodging
 34586 | Elf:1    | Paralysed by an air elemental for 1 turns
 34893 | Elf:1    | Cast into level 2 of the Abyss (a deep elf sorcerer)
 34912 | Abyss:2  | Found a corrupted altar of Lugonu.
 35537 | Elf:1    | Escaped the Abyss
 35908 | Vaults:1 | Entered Level 1 of the Vaults
 35947 | Vaults:1 | Received a gift from Trog
 36188 | Vaults:1 | HP: 9/180 [orc knight (45)]
 36237 | Vaults:1 | HP: 2/180 [harpy (13)]
 36238 | Vaults:1 | Found a magical portal.
 36271 | WizLab   | Entered Cigotuvi's Fleshworks
 36694 | Vaults:1 | Reached XP level 19. HP: 187/187 MP: 18/18
 36840 | Vaults:1 | Identified the +9 war axe of Modesty {vorpal, rElec rCorr}
                  | (Trog gifted it to you on level 1 of the Vaults)
 36840 | Vaults:1 | Received a gift from Trog
 37302 | Vaults:1 | Reached skill level 21 in Fighting
 37500 | Vaults:1 | Found the +18 shield of the Gong {rElec rN+ Will+ EV-5}
 38899 | Vaults:2 | Reached skill level 15 in Shields
 40118 | Vaults:2 | Received a gift from Trog
 40950 | Vaults:3 | Received a gift from Trog
 40974 | Vaults:3 | Reached XP level 20. HP: 192/199 MP: 19/19
 41824 | Vaults:3 | Found an ancient bone altar of Kikubaaqudgha.
 41829 | Vaults:3 | Reached skill level 22 in Fighting
 41831 | Vaults:3 | Found a staircase to the Crypt.
 41832 | Vaults:3 | Found a basalt altar of Yredelemnul.
 42442 | Vaults:4 | Noticed Jory
 42450 | Vaults:4 | Killed Jory
 42795 | Vaults:4 | Noticed Bai Suzhen
 42803 | Vaults:4 | Killed Bai Suzhen
 42979 | Vaults:4 | Received a gift from Trog
 43648 | Vaults:4 | Noticed Saint Roka
 43669 | Vaults:4 | Killed Saint Roka
 43852 | Vaults:4 | Received a gift from Trog
 44416 | Vaults:5 | Entered Level 5 of the Vaults
 44652 | Vaults:5 | Reached XP level 21. HP: 161/209 MP: 20/20
 45090 | Vaults:4 | Reached skill level 23 in Fighting
 45638 | Vaults:5 | Received a gift from Trog
 45696 | Vaults:5 | Killed from afar by a titan

Illustrated notes

Levels and vault maps discovered:
D:1:      evilmike_arrival_hilbert_curve, layout_loops_ring,
          shapermc_ecumenical_altar_pompeii
D:2:      kennysheep_the_goblin_king, layout_basic, minmay_snake_closets,
          uniq_terence
D:3:      layout_rooms, hex_large, uniq_crazy_yiuf_cottage, uniq_ijyb,
          uniq_robin
D:4:      layout_rooms, minmay_temple_entry_antechambers, serial_undead,
          serial_undead_c, serial_undead_a, serial_undead_e, serial_undead_c,
          serial_undead_a, serial_undead_b, serial_undead_e
D:5:      layout_basic, serial_shops, kennysheep_little_box, st_stairs_11,
          minivault_14, uniq_edmund
D:6:      layout_layer_cave, grunt_ministairs_15
D:7:      layout_cave_pools, corexii_checkpoint_a, minmay_starry_boxes
D:8:      layout_loops_corners, erik_lair_island
D:9:      layout_irregular_city, zombieorc2_lemuel, hellmonk_guarded_unrand_zhor
D:10:     minmay_the_grid_triangle_9x9_recursive_2
          [minmay_the_grid_triangle_9x9_prize_center,
          minmay_the_grid_triangle_9x9_warning,
          minmay_the_grid_triangle_9x9_negative_grid,
          minmay_the_grid_triangle_9x9_corrupted_corridor],
          layout_irregular_city, nicolae_ru_path_of_blood
D:11:     layout_stronghold, minmay_shop_chei
D:12:     layout_cave_pools
D:13:     layout_rooms, grunt_vaults_entry_tiered, minmay_misc_feat_pillars,
          lightli_fourway_metalbox
D:14:     layout_roguey, chequers_serial_rivers_micro_c, uniq_agnes
Lair:1:   layout_long_grid, ebering_ghost_reflecting_pool
Lair:2:   layout_gridlike, spider_nest_entry_a, grunt_megastairs_5,
          serial_bayou_shore_a
Lair:3:   layout_regular_city, palyth_hydra_swamp_entry,
          chequers_serial_rivers_micro_a, disabler_island, uniq_gastronok
Lair:4:   layout_regular_city, gammafunk_ghost_abyssal_escape,
          minmay_lair_drake_nest, grunt_megastairs_1
Lair:5:   layout_regular_city, infiniplex_staircase_pool_2, grunt_megastairs_2
Lair:6:   cheibrodos_lair_end_hotspot, layout_cave_pods, dpeg_slime_entry_corner
Swamp:1:  layout_basic_swamp, hangedman_swamp_pad
Swamp:2:  layout_basic_swamp, nicolae_swamp_fairy_circle, swamp_pool5,
          nicolae_swamp_oxbows, uniq_nikola
Swamp:3:  layout_basic_swamp, basic_altar
Swamp:4:  swamp_alternative, layout_basic_swamp, uniq_louise
Spider:1: layout_spider_delve, hangedman_spider_tarantella_strand
Spider:2: layout_spider_delve, nicolae_spider_not_touching_you
Spider:3: nicolae_spider_mines_3, nicolae_spider_spiderdrome, uniq_arachne
Spider:4: spider_rune_water, uniq_aizul
Orc:1:    layout_caves
Orc:2:    grunt_orc_gardens, layout_caves, grunt_orc_garden, grunt_orc_garden,
          grunt_orc_garden, grunt_orc_garden, uniq_urug
Elf:1:    minmay_elf_arrival_plus, layout_loops_corners, basic_altar,
          serial_shops, shop, hangedman_elf_represent
Vaults:1: ontoclasm_vaults_bender, ontoclasm_vaults_ring_square, v_pattern_3,
          grunt_vaults_trifunnel, hangedman_vaults_restitches,
          vaults_room_corners, hellmonk_guarded_unrand_gong, v_misc_33,
          v_misc_11, nicolae_vaults_little_squares_1, vaults_dpeg_diagonal,
          ontoclasm_vaults_tryst, ontoclasm_vaults_gateway, layout_vaults_ring,
          infiniplex_enter_wizlab_glasses
Vaults:2: vaults_dpeg_ring, v_misc_10, nicolae_vaults_little_squares_1,
          v_misc_13, vaults_standard_mumra_enter_the_diamond,
          grunt_vaults_hallway_short, nicolae_vaults_angled_halls, v_misc_26,
          nicolae_vaults_theta, layout_vaults_chaotic_city
Vaults:3: nicolae_vaults_network_s, nicolae_vaults_murderbox,
          grunt_vaults_hallway_short, grunt_vaults_bifocal,
          hangedman_vaults_locks, minmay_crypt_entry_necro_gods,
          vaults_standard_mumra_enter_the_diamond, v_misc_5,
          nicolae_vaults_yaktaur_gun_rack, v_misc_16, grunt_vaults_twisty,
          vaults_room_door_ring, nicolae_vaults_little_squares_2,
          layout_vaults_omnicross
Vaults:4: ontoclasm_vaults_ring_small, nicolae_vaults_inception_network,
          nicolae_vaults_diagonal_hallway_6, nicolae_vaults_circle_grid_a,
          grunt_vaults_focal, dpeg_vaults_monster_row, vaults_room_pools,
          v_misc_2, ontoclasm_vaults_chip, ontoclasm_vaults_ring_small,
          nicolae_vaults_mini_display_case, v_pattern_2, hangedman_vaults_slice,
          layout_vaults_maze_bifur, uniq_jory, uniq_bai_suzhen, uniq_saint_roka
Vaults:5

Skill      XL: |  1  2  3  4  5  6  7  8  9 10 11 12 13 14 15 16 17 18 19 20 21 |
---------------+----------------------------------------------------------------+-----
Fighting       | 4 5 6 7 9 10 11 13 14 15 17 18 19 20 21 22 23 | 23.4
Axes           | 4 5 6 7 8 9 11 12 13 15 16 17 18 19 20 | 20.1
Armour         | 3 4 5 7 9 10 12 14 15 16 17 18 19 20 | 20.2
Dodging        | 3 4 5 6 8 9 10 11 12 13 14 15 16 17 | 17.1
Stealth        | 1 2 3 |  3.0
Shields        | 1 3 5 6 8 9 10 11 12 14 15 17 | 17.7
Evocations     | 1 |  1.4

Action                   |  1- 3 |  4- 6 |  7- 9 | 10-12 | 13-15 | 16-18 | 19-21 || total
-------------------------+-------+-------+-------+-------+-------+-------+-------++-------
Melee: Hand axe          |    55 |   148 |   175 |       |       |       |       ||   378
       Headbutt          |     5 |    31 |    49 |    88 |   161 |   220 |   260 ||   814
       War axe           |       |       |    64 |   378 |   765 |  1029 |   814 ||  3050
Invok: Berserk           |     1 |     3 |     7 |     2 |    13 |    12 |    13 ||    51
       Trog's Hand       |       |       |     2 |     1 |     2 |     9 |     2 ||    16
       Brothers in Arms  |       |       |     1 |     1 |     4 |     9 |     2 ||    17
Evoke: Wand              |       |       |     1 |       |    17 |     2 |     1 ||    21
       Condenser vane    |       |       |       |       |     1 |       |       ||     1
  Use: Scroll            |       |     3 |     7 |     3 |     7 |    10 |     4 ||    34
       Potion            |       |       |       |       |     3 |    10 |     5 ||    18
 Stab: Sleeping          |     1 |     2 |       |       |       |       |       ||     3
       Distracted        |       |       |       |       |     1 |       |       ||     1
       Invisible         |       |       |       |       |       |       |     8 ||     8
Armor: Animal skin       |    10 |    24 |       |       |       |       |       ||    34
       Chain mail        |       |    42 |   129 |   119 |       |       |       ||   290
       Plate armour      |       |       |       |   163 |   421 |   690 |   354 ||  1628
Dodge: Dodged            |    47 |    82 |   111 |   165 |   300 |   439 |   228 ||  1372
Block: Buckler           |       |     5 |    17 |       |       |       |       ||    22
       Kite shield       |       |       |    31 |   198 |   401 |   370 |       ||  1000
       Tower shield      |       |       |       |       |       |   469 |   947 ||  1416
       Reflection        |       |       |       |       |       |       |    52 ||    52

Table legend: (Time is in decaauts)
 A = Elapsed time spent in this place.
 B = Non-inter-level travel time spent in this place.
 C = Inter-level travel time spent in this place.
 D = Time resting spent in this place.
 E = Time spent auto-exploring this place.
 F = Levels seen in this place.
 G = Mean time per level.
                   A        B        C        D        E       F      G
               +--------+--------+--------+--------+--------+-----+--------+
         Total |  47809 |  45241 |   2568 |   6443 |  31673 |  40 | 1195.2 |
       Dungeon |  15083 |  13965 |   1118 |   1372 |  10594 |  14 | 1077.4 |
          Lair |   7487 |   6846 |    641 |    433 |   5411 |   6 | 1247.8 |
         Swamp |   4408 |   4247 |    161 |    921 |   2796 |   4 | 1102.0 |
   Spider Nest |   4410 |   4157 |    253 |    605 |   2753 |   4 | 1102.5 |
  Orcish Mines |   2508 |   2340 |    168 |    752 |   1266 |   2 | 1254.0 |
   Elven Halls |   1869 |   1828 |     41 |      7 |   1451 |   1 | 1869.0 |
        Vaults |   9864 |   9681 |    183 |   1369 |   6724 |   5 | 1972.8 |
         Abyss |   1761 |   1761 |      0 |    619 |    670 |   3 |  587.0 |
        Wizlab |    416 |    416 |      0 |    364 |      5 |   1 |  416.0 |
               +--------+--------+--------+--------+--------+-----+--------+

Top non-repeatable levels by time:
Vaults:4: 3359 daAuts
Vaults:1: 2377 daAuts
Vaults:3: 2057 daAuts
  Lair:3: 1943 daAuts
Vaults:2: 1904 daAuts
   Elf:1: 1869 daAuts
 Abyss:2: 1761 daAuts
   Orc:2: 1660 daAuts
     D:6: 1548 daAuts
     D:5: 1536 daAuts
Spider:4: 1532 daAuts
    D:14: 1516 daAuts
     D:8: 1409 daAuts
    D:10: 1381 daAuts
Spider:3: 1370 daAuts
